AoeStats
← SyL1on

Lombardia

508086061Analyzed
4v4 RM · 11d ago on Sep 20, 2026· 49m 32s· 8 players
Game mode
Random Map
Map size
Large (8 player)
Population
200
Speed
Normal
Resources
Standard
Victory
Conquest
Starting age
Dark Age
Ending age
Imperial Age
RankedLock teamsTeams togetherTeam positionsShared explorationLock speedFull tech treeHidden civsTurbo modeCheats
Victory
Defeat
🇳🇴 Vikings · Norway
1060
+14
🇪🇸 Chinese · Spain
1050
+14
🇪🇸 Goths · Spain
1049
+14
🇷🇴 Burgundians · Romania
1033
+15
🇲🇽 Chinese · Mexico
1076
-18
🇦🇷 Malians · Argentina
997
-14
🇦🇷 Mongols · Argentina
990
-13
🇭🇰 Cumans · Hong Kong SAR China
963
-12
QUEVEDO
4:21 Loom
11:39 Feudal Age
15:26 Castle Age
13:24 Double-Bit Axe
15:05 Horse Collar
23:07 Wheelbarrow
25:05 Hand Cart
25:42 Bow Saw
25:24 Gold Mining
25:26 Stone Mining
30:26 Imperial Age
27:43 Town Watch
29:42 Stone Shaft Mining
29:12 Squires
29:19 Scale Mail Armor
30:00 Heavy Plow
31:33 Caravan
31:10 Man-at-Arms
31:12 Pikeman
32:55 Two-Man Saw
32:33 Crop Rotation
32:32 Conscription
32:44 Anarchy
33:46 Perfusion
34:00 Town Patrol
34:59 Long Swordsman
35:00 Halberdier
36:05 Two-Handed Swordsman
37:11 Forging
40:08 Champion
41:12 Elite Huskarl
46:03 Iron Casting
45:44 Chain Mail Armor
49:15 Blast Furnace
Lakafant
0:28 Loom
11:27 Feudal Age
12:32 Double-Bit Axe
15:13 Horse Collar
20:36 Castle Age
19:14 Stone Mining
19:18 Gold Mining
19:47 Scale Mail Armor
21:55 Bow Saw
21:12 Pikeman
22:32 Fletching
27:35 Heavy Plow
28:15 Gold Shaft Mining
28:59 Town Watch
32:36 Fortified Wall
33:36 Scale Barding Armor
33:42 Forging
33:31 Murder Holes
33:48 Elite Skirmisher
34:53 Ballistics
34:16 Treadmill Crane
34:31 Guard Tower
38:30 Imperial Age
37:01 Caravan
39:01 Chain Barding Armor
39:16 Iron Casting
39:16 Cavalier
43:00 Crop Rotation
47:13 Conscription
46:19 Light Cavalry
48:00 Bodkin Arrow
48:18 Squires
48:04 Arson
49:26 Blast Furnace
Clark_Kent__
0:27 Loom
11:33 Feudal Age
15:36 Castle Age
13:28 Horse Collar
13:34 Double-Bit Axe
17:24 Bow Saw
21:10 Wheelbarrow
23:54 Hand Cart
23:39 Gold Mining
26:59 Stone Mining
29:47 Imperial Age
27:13 Fletching
27:23 Padded Archer Armor
28:14 Town Watch
28:26 Bodkin Arrow
28:31 Padded Archer Armor
28:59 Ballistics
28:50 Masonry
29:07 Caravan
29:37 Coinage
29:41 Heavy Plow
30:31 Stone Shaft Mining
30:31 Murder Holes
31:12 Town Patrol
31:28 Leather Archer Armor
32:26 Gold Shaft Mining
31:42 Capped Ram
32:47 Bloodlines
32:37 Husbandry
32:49 Bracer
33:19 Ring Archer Armor
33:41 Fortified Wall
34:02 Architecture
34:34 Chemistry
33:36 Scale Mail Armor
34:12 Forging
35:04 Two-Man Saw
35:14 Conscription
34:41 Elite Chu Ko Nu
35:21 Great Wall
35:30 Great Wall
36:25 Crossbowman
37:10 Thumb Ring
37:43 Iron Casting
37:24 Chain Mail Armor
36:30 Pikeman
37:10 Squires
36:56 Arson
37:33 Bombard Tower
36:59 Arrowslits
37:05 Heated Shot
37:26 Careening
38:13 Siege Ram
40:45 Elite Skirmisher
41:56 Plate Mail Armor
42:27 Blast Furnace
40:48 Halberdier
45:48 Rocketry
49:18 Scale Barding Armor
48:34 Light Cavalry
48:34 Cavalier
SyL1on
9:11 Feudal Age
8:48 Double-Bit Axe
16:13 Castle Age
15:47 Bow Saw
22:21 Two-Man Saw
21:03 Horse Collar
22:06 Wheelbarrow
22:25 Heavy Plow
31:20 Imperial Age
29:08 Hand Cart
31:06 Scale Barding Armor
31:02 Scale Mail Armor
31:10 Burgundian Vineyards
31:49 Caravan
32:20 Coinage
32:01 Guilds
32:11 Gold Mining
32:11 Stone Mining
33:34 Crop Rotation
34:06 Chain Mail Armor
34:12 Chain Barding Armor
34:24 Banking
33:56 Elite Coustillier
34:00 Pikeman
34:41 Squires
34:26 Arson
35:24 Town Watch
35:24 Loom
36:18 Gold Shaft Mining
36:18 Stone Shaft Mining
36:22 Plate Barding Armor
36:18 Plate Mail Armor
36:02 Forging
36:30 Hoardings
37:33 Fletching
37:49 Padded Archer Armor
39:15 Iron Casting
39:35 Leather Archer Armor
39:17 Bodkin Arrow
41:14 Chemistry
40:25 Fortified Wall
40:10 Murder Holes
40:26 Masonry
39:59 Treadmill Crane
39:50 Onager
41:39 Blast Furnace
40:41 Bracer
41:34 Elite Skirmisher
Age_of_Empires
0:52 Loom
11:50 Feudal Age
18:23 Castle Age
16:46 Double-Bit Axe
17:08 Horse Collar
17:38 Stone Mining
26:48 Wheelbarrow
27:54 Town Watch
30:19 Hand Cart
30:19 Bow Saw
30:12 Heavy Plow
33:35 Imperial Age
30:58 Fletching
31:47 Bodkin Arrow
32:34 Fortified Wall
33:44 Padded Archer Armor
34:40 Ballistics
35:21 Chemistry
35:58 Conscription
36:31 Bracer
36:47 Leather Archer Armor
35:59 Elite Chu Ko Nu
38:09 Gold Mining
38:57 Stone Shaft Mining
40:20 Great Wall
42:46 Ring Archer Armor
49:40 Town Patrol
cherripunji
0:26 Loom
11:31 Feudal Age
16:16 Castle Age
14:43 Double-Bit Axe
16:08 Horse Collar
24:52 Bloodlines
28:08 Bow Saw
28:41 Fletching
35:38 Imperial Age
33:21 Light Cavalry
36:07 Padded Archer Armor
37:40 Conscription
38:58 Steppe Husbandry
38:25 Elite Steppe Lancer
40:38 Scale Barding Armor
40:43 Forging
43:30 Chain Barding Armor
DamyCoby
2:03 Loom
11:36 Feudal Age
11:47 Loom
12:03 Double-Bit Axe
17:52 Castle Age
17:31 Horse Collar
18:44 Stone Mining
19:06 Bow Saw
18:49 Gold Mining
19:42 Fletching
19:57 Heavy Plow
26:10 Caravan
27:51 Wheelbarrow
27:59 Wheelbarrow
27:33 Padded Archer Armor
29:19 Bodkin Arrow
30:43 Hand Cart
30:50 Leather Archer Armor
32:33 Ballistics
35:38 Imperial Age
33:57 Bloodlines
33:48 Husbandry
33:54 Town Watch
36:01 Stone Shaft Mining
36:03 Gold Shaft Mining
35:51 Masonry
36:22 Bracer
36:29 Thumb Ring
37:29 Chemistry
37:29 Parthian Tactics
39:01 Elite Mangudai
40:04 Conscription
40:03 Scale Barding Armor
40:09 Forging
40:03 Cavalier
40:07 Elite Steppe Lancer
Javiscript
9:53 Loom
12:08 Feudal Age
13:50 Double-Bit Axe
19:32 Castle Age
21:09 Wheelbarrow
20:27 Horse Collar
22:58 Scale Barding Armor
25:54 Town Watch
28:12 Hand Cart
28:31 Scale Mail Armor
28:44 Forging
30:11 Chain Mail Armor
30:37 Iron Casting
32:17 Bow Saw
32:10 Heavy Plow
32:41 Fervor
32:45 Devotion
35:35 Fletching
35:47 Padded Archer Armor
38:20 Imperial Age
38:00 Bodkin Arrow
38:21 Leather Archer Armor
38:08 Gold Mining
40:43 Conscription
40:42 Elite Gbeto
41:43 Elite Gbeto
44:14 Tigui
45:08 Plate Mail Armor
45:10 Ring Archer Armor
45:57 Ballistics
46:38 Chemistry
Connection lost

Rejoining the realm…

Still unreachable

The connection could not be restored.

Session expired

The server has moved on; the page needs a fresh start.